 Dungeon Crawl Stone Soup version 0.31-a0-702-gf82c85558f (webtiles) character file.

Game seed: 10708011141419025223

32 qw the Shooter (level 3, -3/21 HPs)
             Began as a Gargoyle Hunter on Sept 8, 2023.
             Killed from afar by Natasha (8 damage)
             ... with a magic dart
             ... on level 2 of the Dungeon.
             The game lasted 00:06:15 (1632 turns).

qw the Shooter (Gargoyle Hunter)                    Turns: 1632, Time: 00:06:16

Health: -3/21      AC:  6    Str: 14    XL:     3   Next: 25%
Magic:  3/3        EV: 11    Int:  9    God:
Gold:   31         SH:  0    Dex: 15    Spells: 2/2 levels left

rFire   . . .        Y - +0 shortbow
rCold   . . .        (shield currently unavailable)
rNeg    + . .        c - +0 leather armour
rPois   inf          (no helmet)
rElec   +            (no cloak)
rCorr   .            (no gloves)
SInv    .            (no boots)
Will    .....        (no amulet)
Stlth   ++           (no ring)
HPRegen 0.23/turn    (no ring)
MPRegen 0.08/turn

%: no passive effects
@: no status effects
A: sickness immunity, AC +3, negative energy resistance 1, electricity
resistance, torment resistance 1, petrification resistance
a: no special abilities


You were on level 2 of the Dungeon.
You visited 1 branch of the dungeon, and saw 2 of its levels.

You collected 31 gold pieces.


Innate Abilities, Weirdness & Mutations

You are immune to sickness and miasma.
Your stone body is resilient. (AC +3)
You are immune to poison.
You resist negative energy. (rN+)
You are resistant to electric shocks. (rElec)
You are resistant to unholy torment.
You are immune to petrification.


   Skills:
 + Level 2.3 Fighting
 - Level 5.0 Ranged Weapons
 - Level 1.5 Dodging
 - Level 1.1 Stealth


You had 2 spell levels left.
You didn't know any spells.
Your spell library was empty.

Inventory:

Hand Weapons
 Y - a +0 shortbow (weapon)
Armour
 c - a +0 leather armour (worn)

Dungeon Overview and Level Annotations

Branches:
Dungeon (2/15)

Altars:

Annotations:
D:2 Natasha


Message History

1623 ||| Stepping randomly (stuck).
Natasha, Servant of Life and Death comes into view.
Natasha hisses angrily.
There is a large open door here.
You shoot an arrow. The arrow barely misses Natasha.
You shoot an arrow. The arrow closely misses Natasha.
Natasha casts a spell at you. You resist with significant effort.
You shoot an arrow. The arrow misses Natasha.
You shoot an arrow. The arrow hits Natasha.
Natasha is moderately wounded.
Natasha wildly gestures.
Natasha shimmers violently.
Natasha wildly gestures.
Natasha glows brightly for a moment.
Natasha mumbles some strange words.
You shoot an arrow.
The arrow hits Natasha but does no damage.
Natasha is moderately wounded.
The cerulean imp hits you from afar with a +2 spear.
You shoot an arrow.
The arrow hits Natasha but does no damage.
Natasha is moderately wounded.
Natasha misses you.
The cerulean imp hits you from afar with a +2 spear.
You shoot an arrow. The arrow hits Natasha.
Natasha is moderately wounded.
Natasha misses you.
The cerulean imp hits you from afar with a +2 spear.
You shoot an arrow. The arrow closely misses Natasha.
Natasha claws you but does no damage.
The cerulean imp hits you but does no damage.
Natasha claws you!
You shoot an arrow. The arrow hits Natasha.
Natasha is heavily wounded.
The cerulean imp closely misses you. Natasha casts a spell at you.
The magic dart hits you!
You die...
Natasha begins licking her fur clean.

#.......7..7.......#
#.......(..........#
#..................#
##................##
##...........?..##
##............##
##..........##
##........##
####'@####
#...5.h..#
..........#
.......!..#
.#........#
#####.##.# #.# .# ..
..


You could see Natasha and a cerulean imp (summoned).

Vanquished Creatures
  A worm (D:2)
  3 endoplasms
  2 goblins
  4 hobgoblins (D:1)
  6 jackals
  2 quokkas
  A ball python (D:2)
  3 frilled lizards
  4 rats
26 creatures vanquished.

Notes
Turn   | Place    | Note
-------+----------+-------------------------------------------
     0 | D:1      | qw the Gargoyle Hunter began the quest for the Orb.
     0 | D:1      | Reached XP level 1. HP: 12/12 MP: 1/1
     0 | D:1      | 0 ||| qw: Version: 0.3-a-76-g4403597
     0 | D:1      | 0 ||| qw: Game counter: 1069
     0 | D:1      | 0 ||| qw: Melee chars always use a shield: true
     0 | D:1      | 0 ||| qw: God list: Okawaru
     0 | D:1      | 0 ||| qw: Allow faded altars: false
     0 | D:1      | 0 ||| qw: Do Orc after clearing Dungeon:15 true
     0 | D:1      | 0 ||| qw: Do second Lair branch before Depths: true
     0 | D:1      | 0 ||| qw: Lair rune preference: random
     0 | D:1      | 0 ||| qw: Goals: Normal
     0 | D:1      | 0 ||| PLANNING D:1-11
   175 | D:1      | Reached XP level 2. HP: 17/17 MP: 2/2
   317 | D:1      | You fall into a shaft and drop 1 floor!
   379 | D:2      | Reached XP level 3. HP: 21/21 MP: 3/3
   385 | D:2      | 385 ||| READING scroll labelled XAENAIQOITS.
   386 | D:2      | 386 ||| READING scroll labelled LEG BAYNYC OBO.
   399 | D:2      | Reached skill level 5 in Ranged Weapons
   452 | D:2      | 452 ||| DROPPING scroll of butterflies.
   453 | D:2      | 453 ||| Stepping randomly (stuck).
   454 | D:2      | 454 ||| Stepping randomly (stuck).
   455 | D:2      | 455 ||| Stepping randomly (stuck).
   458 | D:2      | 458 ||| Stepping randomly (stuck).
   459 | D:2      | 459 ||| Stepping randomly (stuck).
   460 | D:2      | 460 ||| Stepping randomly (stuck).
   461 | D:2      | 461 ||| Stepping randomly (stuck).
   462 | D:2      | 462 ||| Stepping randomly (stuck).
   463 | D:2      | 463 ||| Stepping randomly (stuck).
   464 | D:2      | 464 ||| Stepping randomly (stuck).
   465 | D:2      | 465 ||| Stepping randomly (stuck).
   466 | D:2      | 466 ||| Stepping randomly (stuck).
   467 | D:2      | 467 ||| Stepping randomly (stuck).
   468 | D:2      | 468 ||| Stepping randomly (stuck).
   469 | D:2      | 469 ||| Stepping randomly (stuck).
   470 | D:2      | 470 ||| Stepping randomly (stuck).
   471 | D:2      | 471 ||| Stepping randomly (stuck).
   472 | D:2      | 472 ||| Stepping randomly (stuck).
   473 | D:2      | 473 ||| Stepping randomly (stuck).
   474 | D:2      | 474 ||| Stepping randomly (stuck).
   475 | D:2      | 475 ||| Stepping randomly (stuck).
   476 | D:2      | 476 ||| Stepping randomly (stuck).
   477 | D:2      | 477 ||| Stepping randomly (stuck).
   478 | D:2      | 478 ||| Stepping randomly (stuck).
   479 | D:2      | 479 ||| Stepping randomly (stuck).
   480 | D:2      | 480 ||| Stepping randomly (stuck).
   481 | D:2      | 481 ||| Stepping randomly (stuck).
   482 | D:2      | 482 ||| Stepping randomly (stuck).
   483 | D:2      | 483 ||| Stepping randomly (stuck).
   484 | D:2      | 484 ||| Stepping randomly (stuck).
   485 | D:2      | 485 ||| Stepping randomly (stuck).
   486 | D:2      | 486 ||| Stepping randomly (stuck).
   487 | D:2      | 487 ||| Stepping randomly (stuck).
   488 | D:2      | 488 ||| Stepping randomly (stuck).
   489 | D:2      | 489 ||| Stepping randomly (stuck).
   490 | D:2      | 490 ||| Stepping randomly (stuck).
   491 | D:2      | 491 ||| Stepping randomly (stuck).
   492 | D:2      | 492 ||| Stepping randomly (stuck).
   493 | D:2      | 493 ||| Stepping randomly (stuck).
   494 | D:2      | 494 ||| Stepping randomly (stuck).
   495 | D:2      | 495 ||| Stepping randomly (stuck).
   496 | D:2      | 496 ||| Stepping randomly (stuck).
   497 | D:2      | 497 ||| Stepping randomly (stuck).
   498 | D:2      | 498 ||| Stepping randomly (stuck).
   499 | D:2      | 499 ||| Stepping randomly (stuck).
   500 | D:2      | 500 ||| Stepping randomly (stuck).
   501 | D:2      | 501 ||| Stepping randomly (stuck).
   502 | D:2      | 502 ||| Stepping randomly (stuck).
   503 | D:2      | 503 ||| Stepping randomly (stuck).
   504 | D:2      | 504 ||| Stepping randomly (stuck).
   505 | D:2      | 505 ||| Stepping randomly (stuck).
   506 | D:2      | 506 ||| Stepping randomly (stuck).
   507 | D:2      | 507 ||| Stepping randomly (stuck).
   508 | D:2      | 508 ||| Stepping randomly (stuck).
   509 | D:2      | 509 ||| Stepping randomly (stuck).
   510 | D:2      | 510 ||| Stepping randomly (stuck).
   511 | D:2      | 511 ||| Stepping randomly (stuck).
   512 | D:2      | 512 ||| Stepping randomly (stuck).
   513 | D:2      | 513 ||| Stepping randomly (stuck).
   514 | D:2      | 514 ||| Stepping randomly (stuck).
   515 | D:2      | 515 ||| Stepping randomly (stuck).
   516 | D:2      | 516 ||| Stepping randomly (stuck).
   517 | D:2      | 517 ||| Stepping randomly (stuck).
   518 | D:2      | 518 ||| Stepping randomly (stuck).
   519 | D:2      | 519 ||| Stepping randomly (stuck).
   520 | D:2      | 520 ||| Stepping randomly (stuck).
   521 | D:2      | 521 ||| Stepping randomly (stuck).
   522 | D:2      | 522 ||| Stepping randomly (stuck).
   523 | D:2      | 523 ||| Stepping randomly (stuck).
   524 | D:2      | 524 ||| Stepping randomly (stuck).
   525 | D:2      | 525 ||| Stepping randomly (stuck).
   526 | D:2      | 526 ||| Stepping randomly (stuck).
   527 | D:2      | 527 ||| Stepping randomly (stuck).
   528 | D:2      | 528 ||| Stepping randomly (stuck).
   529 | D:2      | 529 ||| Stepping randomly (stuck).
   530 | D:2      | 530 ||| Stepping randomly (stuck).
   531 | D:2      | 531 ||| Stepping randomly (stuck).
   532 | D:2      | 532 ||| Stepping randomly (stuck).
   533 | D:2      | 533 ||| Stepping randomly (stuck).
   534 | D:2      | 534 ||| Stepping randomly (stuck).
   535 | D:2      | 535 ||| Stepping randomly (stuck).
   536 | D:2      | 536 ||| Stepping randomly (stuck).
   537 | D:2      | 537 ||| Stepping randomly (stuck).
   538 | D:2      | 538 ||| Stepping randomly (stuck).
   539 | D:2      | 539 ||| Stepping randomly (stuck).
   540 | D:2      | 540 ||| Stepping randomly (stuck).
   541 | D:2      | 541 ||| Stepping randomly (stuck).
   542 | D:2      | 542 ||| Stepping randomly (stuck).
   543 | D:2      | 543 ||| Stepping randomly (stuck).
   544 | D:2      | 544 ||| Stepping randomly (stuck).
   545 | D:2      | 545 ||| Stepping randomly (stuck).
   546 | D:2      | 546 ||| Stepping randomly (stuck).
   547 | D:2      | 547 ||| Stepping randomly (stuck).
   548 | D:2      | 548 ||| Stepping randomly (stuck).
   549 | D:2      | 549 ||| Stepping randomly (stuck).
   550 | D:2      | 550 ||| Stepping randomly (stuck).
   551 | D:2      | 551 ||| Stepping randomly (stuck).
   552 | D:2      | 552 ||| Stepping randomly (stuck).
   553 | D:2      | 553 ||| Stepping randomly (stuck).
   554 | D:2      | 554 ||| Stepping randomly (stuck).
   555 | D:2      | 555 ||| Stepping randomly (stuck).
   556 | D:2      | 556 ||| Stepping randomly (stuck).
   557 | D:2      | 557 ||| Stepping randomly (stuck).
   558 | D:2      | 558 ||| Stepping randomly (stuck).
   559 | D:2      | 559 ||| Stepping randomly (stuck).
   560 | D:2      | 560 ||| Stepping randomly (stuck).
   561 | D:2      | 561 ||| Stepping randomly (stuck).
   562 | D:2      | 562 ||| Stepping randomly (stuck).
   563 | D:2      | 563 ||| Stepping randomly (stuck).
   564 | D:2      | 564 ||| Stepping randomly (stuck).
   565 | D:2      | 565 ||| Stepping randomly (stuck).
   566 | D:2      | 566 ||| Stepping randomly (stuck).
   567 | D:2      | 567 ||| Stepping randomly (stuck).
   568 | D:2      | 568 ||| Stepping randomly (stuck).
   569 | D:2      | 569 ||| Stepping randomly (stuck).
   570 | D:2      | 570 ||| Stepping randomly (stuck).
   571 | D:2      | 571 ||| Stepping randomly (stuck).
   572 | D:2      | 572 ||| Stepping randomly (stuck).
   573 | D:2      | 573 ||| Stepping randomly (stuck).
   574 | D:2      | 574 ||| Stepping randomly (stuck).
   575 | D:2      | 575 ||| Stepping randomly (stuck).
   576 | D:2      | 576 ||| Stepping randomly (stuck).
   577 | D:2      | 577 ||| Stepping randomly (stuck).
   578 | D:2      | 578 ||| Stepping randomly (stuck).
   579 | D:2      | 579 ||| Stepping randomly (stuck).
   580 | D:2      | 580 ||| Stepping randomly (stuck).
   581 | D:2      | 581 ||| Stepping randomly (stuck).
   582 | D:2      | 582 ||| Stepping randomly (stuck).
   583 | D:2      | 583 ||| Stepping randomly (stuck).
   584 | D:2      | 584 ||| Stepping randomly (stuck).
   585 | D:2      | 585 ||| Stepping randomly (stuck).
   586 | D:2      | 586 ||| Stepping randomly (stuck).
   587 | D:2      | 587 ||| Stepping randomly (stuck).
   588 | D:2      | 588 ||| Stepping randomly (stuck).
   589 | D:2      | 589 ||| Stepping randomly (stuck).
   590 | D:2      | 590 ||| Stepping randomly (stuck).
   591 | D:2      | 591 ||| Stepping randomly (stuck).
   592 | D:2      | 592 ||| Stepping randomly (stuck).
   593 | D:2      | 593 ||| Stepping randomly (stuck).
   594 | D:2      | 594 ||| Stepping randomly (stuck).
   595 | D:2      | 595 ||| Stepping randomly (stuck).
   596 | D:2      | 596 ||| Stepping randomly (stuck).
   597 | D:2      | 597 ||| Stepping randomly (stuck).
   598 | D:2      | 598 ||| Stepping randomly (stuck).
   599 | D:2      | 599 ||| Stepping randomly (stuck).
   600 | D:2      | 600 ||| Stepping randomly (stuck).
   601 | D:2      | 601 ||| Stepping randomly (stuck).
   602 | D:2      | 602 ||| Stepping randomly (stuck).
   603 | D:2      | 603 ||| Stepping randomly (stuck).
   604 | D:2      | 604 ||| Stepping randomly (stuck).
   605 | D:2      | 605 ||| Stepping randomly (stuck).
   606 | D:2      | 606 ||| Stepping randomly (stuck).
   607 | D:2      | 607 ||| Stepping randomly (stuck).
   608 | D:2      | 608 ||| Stepping randomly (stuck).
   609 | D:2      | 609 ||| Stepping randomly (stuck).
   610 | D:2      | 610 ||| Stepping randomly (stuck).
   611 | D:2      | 611 ||| Stepping randomly (stuck).
   612 | D:2      | 612 ||| Stepping randomly (stuck).
   613 | D:2      | 613 ||| Stepping randomly (stuck).
   614 | D:2      | 614 ||| Stepping randomly (stuck).
   615 | D:2      | 615 ||| Stepping randomly (stuck).
   616 | D:2      | 616 ||| Stepping randomly (stuck).
   617 | D:2      | 617 ||| Stepping randomly (stuck).
   618 | D:2      | 618 ||| Stepping randomly (stuck).
   619 | D:2      | 619 ||| Stepping randomly (stuck).
   620 | D:2      | 620 ||| Stepping randomly (stuck).
   621 | D:2      | 621 ||| Stepping randomly (stuck).
   622 | D:2      | 622 ||| Stepping randomly (stuck).
   623 | D:2      | 623 ||| Stepping randomly (stuck).
   624 | D:2      | 624 ||| Stepping randomly (stuck).
   625 | D:2      | 625 ||| Stepping randomly (stuck).
   626 | D:2      | 626 ||| Stepping randomly (stuck).
   627 | D:2      | 627 ||| Stepping randomly (stuck).
   628 | D:2      | 628 ||| Stepping randomly (stuck).
   629 | D:2      | 629 ||| Stepping randomly (stuck).
   630 | D:2      | 630 ||| Stepping randomly (stuck).
   631 | D:2      | 631 ||| Stepping randomly (stuck).
   632 | D:2      | 632 ||| Stepping randomly (stuck).
   633 | D:2      | 633 ||| Stepping randomly (stuck).
   634 | D:2      | 634 ||| Stepping randomly (stuck).
   635 | D:2      | 635 ||| Stepping randomly (stuck).
   636 | D:2      | 636 ||| Stepping randomly (stuck).
   637 | D:2      | 637 ||| Stepping randomly (stuck).
   638 | D:2      | 638 ||| Stepping randomly (stuck).
   639 | D:2      | 639 ||| Stepping randomly (stuck).
   640 | D:2      | 640 ||| Stepping randomly (stuck).
   641 | D:2      | 641 ||| Stepping randomly (stuck).
   642 | D:2      | 642 ||| Stepping randomly (stuck).
   643 | D:2      | 643 ||| Stepping randomly (stuck).
   644 | D:2      | 644 ||| Stepping randomly (stuck).
   645 | D:2      | 645 ||| Stepping randomly (stuck).
   646 | D:2      | 646 ||| Stepping randomly (stuck).
   647 | D:2      | 647 ||| Stepping randomly (stuck).
   648 | D:2      | 648 ||| Stepping randomly (stuck).
   649 | D:2      | 649 ||| Stepping randomly (stuck).
   650 | D:2      | 650 ||| Stepping randomly (stuck).
   651 | D:2      | 651 ||| Stepping randomly (stuck).
   652 | D:2      | 652 ||| Stepping randomly (stuck).
   653 | D:2      | 653 ||| Stepping randomly (stuck).
   654 | D:2      | 654 ||| Stepping randomly (stuck).
   655 | D:2      | 655 ||| Stepping randomly (stuck).
   656 | D:2      | 656 ||| Stepping randomly (stuck).
   657 | D:2      | 657 ||| Stepping randomly (stuck).
   658 | D:2      | 658 ||| Stepping randomly (stuck).
   659 | D:2      | 659 ||| Stepping randomly (stuck).
   660 | D:2      | 660 ||| Stepping randomly (stuck).
   661 | D:2      | 661 ||| Stepping randomly (stuck).
   662 | D:2      | 662 ||| Stepping randomly (stuck).
   663 | D:2      | 663 ||| Stepping randomly (stuck).
   664 | D:2      | 664 ||| Stepping randomly (stuck).
   665 | D:2      | 665 ||| Stepping randomly (stuck).
   666 | D:2      | 666 ||| Stepping randomly (stuck).
   667 | D:2      | 667 ||| Stepping randomly (stuck).
   668 | D:2      | 668 ||| Stepping randomly (stuck).
   669 | D:2      | 669 ||| Stepping randomly (stuck).
   670 | D:2      | 670 ||| Stepping randomly (stuck).
   671 | D:2      | 671 ||| Stepping randomly (stuck).
   672 | D:2      | 672 ||| Stepping randomly (stuck).
   673 | D:2      | 673 ||| Stepping randomly (stuck).
   674 | D:2      | 674 ||| Stepping randomly (stuck).
   675 | D:2      | 675 ||| Stepping randomly (stuck).
   676 | D:2      | 676 ||| Stepping randomly (stuck).
   677 | D:2      | 677 ||| Stepping randomly (stuck).
   678 | D:2      | 678 ||| Stepping randomly (stuck).
   679 | D:2      | 679 ||| Stepping randomly (stuck).
   680 | D:2      | 680 ||| Stepping randomly (stuck).
   681 | D:2      | 681 ||| Stepping randomly (stuck).
   682 | D:2      | 682 ||| Stepping randomly (stuck).
   683 | D:2      | 683 ||| Stepping randomly (stuck).
   684 | D:2      | 684 ||| Stepping randomly (stuck).
   685 | D:2      | 685 ||| Stepping randomly (stuck).
   686 | D:2      | 686 ||| Stepping randomly (stuck).
   687 | D:2      | 687 ||| Stepping randomly (stuck).
   688 | D:2      | 688 ||| Stepping randomly (stuck).
   689 | D:2      | 689 ||| Stepping randomly (stuck).
   690 | D:2      | 690 ||| Stepping randomly (stuck).
   691 | D:2      | 691 ||| Stepping randomly (stuck).
   692 | D:2      | 692 ||| Stepping randomly (stuck).
   693 | D:2      | 693 ||| Stepping randomly (stuck).
   694 | D:2      | 694 ||| Stepping randomly (stuck).
   695 | D:2      | 695 ||| Stepping randomly (stuck).
   696 | D:2      | 696 ||| Stepping randomly (stuck).
   697 | D:2      | 697 ||| Stepping randomly (stuck).
   698 | D:2      | 698 ||| Stepping randomly (stuck).
   699 | D:2      | 699 ||| Stepping randomly (stuck).
   700 | D:2      | 700 ||| Stepping randomly (stuck).
   701 | D:2      | 701 ||| Stepping randomly (stuck).
   702 | D:2      | 702 ||| Stepping randomly (stuck).
   703 | D:2      | 703 ||| Stepping randomly (stuck).
   704 | D:2      | 704 ||| Stepping randomly (stuck).
   705 | D:2      | 705 ||| Stepping randomly (stuck).
   706 | D:2      | 706 ||| Stepping randomly (stuck).
   707 | D:2      | 707 ||| Stepping randomly (stuck).
   708 | D:2      | 708 ||| Stepping randomly (stuck).
   709 | D:2      | 709 ||| Stepping randomly (stuck).
   710 | D:2      | 710 ||| Stepping randomly (stuck).
   711 | D:2      | 711 ||| Stepping randomly (stuck).
   712 | D:2      | 712 ||| Stepping randomly (stuck).
   713 | D:2      | 713 ||| Stepping randomly (stuck).
   714 | D:2      | 714 ||| Stepping randomly (stuck).
   715 | D:2      | 715 ||| Stepping randomly (stuck).
   716 | D:2      | 716 ||| Stepping randomly (stuck).
   717 | D:2      | 717 ||| Stepping randomly (stuck).
   718 | D:2      | 718 ||| Stepping randomly (stuck).
   719 | D:2      | 719 ||| Stepping randomly (stuck).
   720 | D:2      | 720 ||| Stepping randomly (stuck).
   721 | D:2      | 721 ||| Stepping randomly (stuck).
   722 | D:2      | 722 ||| Stepping randomly (stuck).
   723 | D:2      | 723 ||| Stepping randomly (stuck).
   724 | D:2      | 724 ||| Stepping randomly (stuck).
   725 | D:2      | 725 ||| Stepping randomly (stuck).
   726 | D:2      | 726 ||| Stepping randomly (stuck).
   727 | D:2      | 727 ||| Stepping randomly (stuck).
   728 | D:2      | 728 ||| Stepping randomly (stuck).
   729 | D:2      | 729 ||| Stepping randomly (stuck).
   730 | D:2      | 730 ||| Stepping randomly (stuck).
   731 | D:2      | 731 ||| Stepping randomly (stuck).
   732 | D:2      | 732 ||| Stepping randomly (stuck).
   733 | D:2      | 733 ||| Stepping randomly (stuck).
   734 | D:2      | 734 ||| Stepping randomly (stuck).
   735 | D:2      | 735 ||| Stepping randomly (stuck).
   736 | D:2      | 736 ||| Stepping randomly (stuck).
   737 | D:2      | 737 ||| Stepping randomly (stuck).
   738 | D:2      | 738 ||| Stepping randomly (stuck).
   739 | D:2      | 739 ||| Stepping randomly (stuck).
   740 | D:2      | 740 ||| Stepping randomly (stuck).
   741 | D:2      | 741 ||| Stepping randomly (stuck).
   742 | D:2      | 742 ||| Stepping randomly (stuck).
   743 | D:2      | 743 ||| Stepping randomly (stuck).
   744 | D:2      | 744 ||| Stepping randomly (stuck).
   745 | D:2      | 745 ||| Stepping randomly (stuck).
   746 | D:2      | 746 ||| Stepping randomly (stuck).
   747 | D:2      | 747 ||| Stepping randomly (stuck).
   748 | D:2      | 748 ||| Stepping randomly (stuck).
   749 | D:2      | 749 ||| Stepping randomly (stuck).
   750 | D:2      | 750 ||| Stepping randomly (stuck).
   751 | D:2      | 751 ||| Stepping randomly (stuck).
   752 | D:2      | 752 ||| Stepping randomly (stuck).
   753 | D:2      | 753 ||| Stepping randomly (stuck).
   754 | D:2      | 754 ||| Stepping randomly (stuck).
   755 | D:2      | 755 ||| Stepping randomly (stuck).
   756 | D:2      | 756 ||| Stepping randomly (stuck).
   757 | D:2      | 757 ||| Stepping randomly (stuck).
   758 | D:2      | 758 ||| Stepping randomly (stuck).
   759 | D:2      | 759 ||| Stepping randomly (stuck).
   760 | D:2      | 760 ||| Stepping randomly (stuck).
   761 | D:2      | 761 ||| Stepping randomly (stuck).
   762 | D:2      | 762 ||| Stepping randomly (stuck).
   763 | D:2      | 763 ||| Stepping randomly (stuck).
   764 | D:2      | 764 ||| Stepping randomly (stuck).
   765 | D:2      | 765 ||| Stepping randomly (stuck).
   766 | D:2      | 766 ||| Stepping randomly (stuck).
   767 | D:2      | 767 ||| Stepping randomly (stuck).
   768 | D:2      | 768 ||| Stepping randomly (stuck).
   769 | D:2      | 769 ||| Stepping randomly (stuck).
   770 | D:2      | 770 ||| Stepping randomly (stuck).
   771 | D:2      | 771 ||| Stepping randomly (stuck).
   772 | D:2      | 772 ||| Stepping randomly (stuck).
   773 | D:2      | 773 ||| Stepping randomly (stuck).
   774 | D:2      | 774 ||| Stepping randomly (stuck).
   775 | D:2      | 775 ||| Stepping randomly (stuck).
   776 | D:2      | 776 ||| Stepping randomly (stuck).
   777 | D:2      | 777 ||| Stepping randomly (stuck).
   778 | D:2      | 778 ||| Stepping randomly (stuck).
   779 | D:2      | 779 ||| Stepping randomly (stuck).
   780 | D:2      | 780 ||| Stepping randomly (stuck).
   781 | D:2      | 781 ||| Stepping randomly (stuck).
   782 | D:2      | 782 ||| Stepping randomly (stuck).
   783 | D:2      | 783 ||| Stepping randomly (stuck).
   784 | D:2      | 784 ||| Stepping randomly (stuck).
   785 | D:2      | 785 ||| Stepping randomly (stuck).
   786 | D:2      | 786 ||| Stepping randomly (stuck).
   787 | D:2      | 787 ||| Stepping randomly (stuck).
   788 | D:2      | 788 ||| Stepping randomly (stuck).
   789 | D:2      | 789 ||| Stepping randomly (stuck).
   790 | D:2      | 790 ||| Stepping randomly (stuck).
   791 | D:2      | 791 ||| Stepping randomly (stuck).
   792 | D:2      | 792 ||| Stepping randomly (stuck).
   793 | D:2      | 793 ||| Stepping randomly (stuck).
   794 | D:2      | 794 ||| Stepping randomly (stuck).
   795 | D:2      | 795 ||| Stepping randomly (stuck).
   796 | D:2      | 796 ||| Stepping randomly (stuck).
   797 | D:2      | 797 ||| Stepping randomly (stuck).
   798 | D:2      | 798 ||| Stepping randomly (stuck).
   799 | D:2      | 799 ||| Stepping randomly (stuck).
   800 | D:2      | 800 ||| Stepping randomly (stuck).
   801 | D:2      | 801 ||| Stepping randomly (stuck).
   802 | D:2      | 802 ||| Stepping randomly (stuck).
   803 | D:2      | 803 ||| Stepping randomly (stuck).
   804 | D:2      | 804 ||| Stepping randomly (stuck).
   805 | D:2      | 805 ||| Stepping randomly (stuck).
   806 | D:2      | 806 ||| Stepping randomly (stuck).
   807 | D:2      | 807 ||| Stepping randomly (stuck).
   808 | D:2      | 808 ||| Stepping randomly (stuck).
   809 | D:2      | 809 ||| Stepping randomly (stuck).
   810 | D:2      | 810 ||| Stepping randomly (stuck).
   811 | D:2      | 811 ||| Stepping randomly (stuck).
   812 | D:2      | 812 ||| Stepping randomly (stuck).
   813 | D:2      | 813 ||| Stepping randomly (stuck).
   814 | D:2      | 814 ||| Stepping randomly (stuck).
   815 | D:2      | 815 ||| Stepping randomly (stuck).
   816 | D:2      | 816 ||| Stepping randomly (stuck).
   817 | D:2      | 817 ||| Stepping randomly (stuck).
   818 | D:2      | 818 ||| Stepping randomly (stuck).
   819 | D:2      | 819 ||| Stepping randomly (stuck).
   820 | D:2      | 820 ||| Stepping randomly (stuck).
   821 | D:2      | 821 ||| Stepping randomly (stuck).
   822 | D:2      | 822 ||| Stepping randomly (stuck).
   823 | D:2      | 823 ||| Stepping randomly (stuck).
   824 | D:2      | 824 ||| Stepping randomly (stuck).
   825 | D:2      | 825 ||| Stepping randomly (stuck).
   826 | D:2      | 826 ||| Stepping randomly (stuck).
   827 | D:2      | 827 ||| Stepping randomly (stuck).
   828 | D:2      | 828 ||| Stepping randomly (stuck).
   829 | D:2      | 829 ||| Stepping randomly (stuck).
   830 | D:2      | 830 ||| Stepping randomly (stuck).
   831 | D:2      | 831 ||| Stepping randomly (stuck).
   832 | D:2      | 832 ||| Stepping randomly (stuck).
   833 | D:2      | 833 ||| Stepping randomly (stuck).
   834 | D:2      | 834 ||| Stepping randomly (stuck).
   835 | D:2      | 835 ||| Stepping randomly (stuck).
   836 | D:2      | 836 ||| Stepping randomly (stuck).
   837 | D:2      | 837 ||| Stepping randomly (stuck).
   838 | D:2      | 838 ||| Stepping randomly (stuck).
   839 | D:2      | 839 ||| Stepping randomly (stuck).
   840 | D:2      | 840 ||| Stepping randomly (stuck).
   841 | D:2      | 841 ||| Stepping randomly (stuck).
   842 | D:2      | 842 ||| Stepping randomly (stuck).
   843 | D:2      | 843 ||| Stepping randomly (stuck).
   844 | D:2      | 844 ||| Stepping randomly (stuck).
   845 | D:2      | 845 ||| Stepping randomly (stuck).
   846 | D:2      | 846 ||| Stepping randomly (stuck).
   847 | D:2      | 847 ||| Stepping randomly (stuck).
   848 | D:2      | 848 ||| Stepping randomly (stuck).
   849 | D:2      | 849 ||| Stepping randomly (stuck).
   850 | D:2      | 850 ||| Stepping randomly (stuck).
   851 | D:2      | 851 ||| Stepping randomly (stuck).
   852 | D:2      | 852 ||| Stepping randomly (stuck).
   853 | D:2      | 853 ||| Stepping randomly (stuck).
   854 | D:2      | 854 ||| Stepping randomly (stuck).
   855 | D:2      | 855 ||| Stepping randomly (stuck).
   856 | D:2      | 856 ||| Stepping randomly (stuck).
   857 | D:2      | 857 ||| Stepping randomly (stuck).
   858 | D:2      | 858 ||| Stepping randomly (stuck).
   859 | D:2      | 859 ||| Stepping randomly (stuck).
   860 | D:2      | 860 ||| Stepping randomly (stuck).
   861 | D:2      | 861 ||| Stepping randomly (stuck).
   862 | D:2      | 862 ||| Stepping randomly (stuck).
   863 | D:2      | 863 ||| Stepping randomly (stuck).
   864 | D:2      | 864 ||| Stepping randomly (stuck).
   865 | D:2      | 865 ||| Stepping randomly (stuck).
   866 | D:2      | 866 ||| Stepping randomly (stuck).
   867 | D:2      | 867 ||| Stepping randomly (stuck).
   868 | D:2      | 868 ||| Stepping randomly (stuck).
   869 | D:2      | 869 ||| Stepping randomly (stuck).
   870 | D:2      | 870 ||| Stepping randomly (stuck).
   871 | D:2      | 871 ||| Stepping randomly (stuck).
   872 | D:2      | 872 ||| Stepping randomly (stuck).
   873 | D:2      | 873 ||| Stepping randomly (stuck).
   874 | D:2      | 874 ||| Stepping randomly (stuck).
   875 | D:2      | 875 ||| Stepping randomly (stuck).
   876 | D:2      | 876 ||| Stepping randomly (stuck).
   877 | D:2      | 877 ||| Stepping randomly (stuck).
   878 | D:2      | 878 ||| Stepping randomly (stuck).
   879 | D:2      | 879 ||| Stepping randomly (stuck).
   880 | D:2      | 880 ||| Stepping randomly (stuck).
   881 | D:2      | 881 ||| Stepping randomly (stuck).
   882 | D:2      | 882 ||| Stepping randomly (stuck).
   883 | D:2      | 883 ||| Stepping randomly (stuck).
   884 | D:2      | 884 ||| Stepping randomly (stuck).
   885 | D:2      | 885 ||| Stepping randomly (stuck).
   886 | D:2      | 886 ||| Stepping randomly (stuck).
   887 | D:2      | 887 ||| Stepping randomly (stuck).
   888 | D:2      | 888 ||| Stepping randomly (stuck).
   889 | D:2      | 889 ||| Stepping randomly (stuck).
   890 | D:2      | 890 ||| Stepping randomly (stuck).
   891 | D:2      | 891 ||| Stepping randomly (stuck).
   892 | D:2      | 892 ||| Stepping randomly (stuck).
   893 | D:2      | 893 ||| Stepping randomly (stuck).
   894 | D:2      | 894 ||| Stepping randomly (stuck).
   895 | D:2      | 895 ||| Stepping randomly (stuck).
   896 | D:2      | 896 ||| Stepping randomly (stuck).
   897 | D:2      | 897 ||| Stepping randomly (stuck).
   898 | D:2      | 898 ||| Stepping randomly (stuck).
   899 | D:2      | 899 ||| Stepping randomly (stuck).
   900 | D:2      | 900 ||| Stepping randomly (stuck).
   901 | D:2      | 901 ||| Stepping randomly (stuck).
   902 | D:2      | 902 ||| Stepping randomly (stuck).
   903 | D:2      | 903 ||| Stepping randomly (stuck).
   904 | D:2      | 904 ||| Stepping randomly (stuck).
   905 | D:2      | 905 ||| Stepping randomly (stuck).
   906 | D:2      | 906 ||| Stepping randomly (stuck).
   907 | D:2      | 907 ||| Stepping randomly (stuck).
   908 | D:2      | 908 ||| Stepping randomly (stuck).
   909 | D:2      | 909 ||| Stepping randomly (stuck).
   910 | D:2      | 910 ||| Stepping randomly (stuck).
   911 | D:2      | 911 ||| Stepping randomly (stuck).
   912 | D:2      | 912 ||| Stepping randomly (stuck).
   913 | D:2      | 913 ||| Stepping randomly (stuck).
   914 | D:2      | 914 ||| Stepping randomly (stuck).
   915 | D:2      | 915 ||| Stepping randomly (stuck).
   916 | D:2      | 916 ||| Stepping randomly (stuck).
   917 | D:2      | 917 ||| Stepping randomly (stuck).
   918 | D:2      | 918 ||| Stepping randomly (stuck).
   919 | D:2      | 919 ||| Stepping randomly (stuck).
   920 | D:2      | 920 ||| Stepping randomly (stuck).
   921 | D:2      | 921 ||| Stepping randomly (stuck).
   922 | D:2      | 922 ||| Stepping randomly (stuck).
   923 | D:2      | 923 ||| Stepping randomly (stuck).
   924 | D:2      | 924 ||| Stepping randomly (stuck).
   925 | D:2      | 925 ||| Stepping randomly (stuck).
   926 | D:2      | 926 ||| Stepping randomly (stuck).
   927 | D:2      | 927 ||| Stepping randomly (stuck).
   928 | D:2      | 928 ||| Stepping randomly (stuck).
   929 | D:2      | 929 ||| Stepping randomly (stuck).
   930 | D:2      | 930 ||| Stepping randomly (stuck).
   931 | D:2      | 931 ||| Stepping randomly (stuck).
   932 | D:2      | 932 ||| Stepping randomly (stuck).
   933 | D:2      | 933 ||| Stepping randomly (stuck).
   934 | D:2      | 934 ||| Stepping randomly (stuck).
   935 | D:2      | 935 ||| Stepping randomly (stuck).
   936 | D:2      | 936 ||| Stepping randomly (stuck).
   937 | D:2      | 937 ||| Stepping randomly (stuck).
   938 | D:2      | 938 ||| Stepping randomly (stuck).
   939 | D:2      | 939 ||| Stepping randomly (stuck).
   940 | D:2      | 940 ||| Stepping randomly (stuck).
   941 | D:2      | 941 ||| Stepping randomly (stuck).
   942 | D:2      | 942 ||| Stepping randomly (stuck).
   943 | D:2      | 943 ||| Stepping randomly (stuck).
   944 | D:2      | 944 ||| Stepping randomly (stuck).
   945 | D:2      | 945 ||| Stepping randomly (stuck).
   946 | D:2      | 946 ||| Stepping randomly (stuck).
   947 | D:2      | 947 ||| Stepping randomly (stuck).
   948 | D:2      | 948 ||| Stepping randomly (stuck).
   949 | D:2      | 949 ||| Stepping randomly (stuck).
   950 | D:2      | 950 ||| Stepping randomly (stuck).
   951 | D:2      | 951 ||| Stepping randomly (stuck).
   952 | D:2      | 952 ||| Stepping randomly (stuck).
   953 | D:2      | 953 ||| Stepping randomly (stuck).
   954 | D:2      | 954 ||| Stepping randomly (stuck).
   955 | D:2      | 955 ||| Stepping randomly (stuck).
   956 | D:2      | 956 ||| Stepping randomly (stuck).
   957 | D:2      | 957 ||| Stepping randomly (stuck).
   958 | D:2      | 958 ||| Stepping randomly (stuck).
   959 | D:2      | 959 ||| Stepping randomly (stuck).
   960 | D:2      | 960 ||| Stepping randomly (stuck).
   961 | D:2      | 961 ||| Stepping randomly (stuck).
   962 | D:2      | 962 ||| Stepping randomly (stuck).
   963 | D:2      | 963 ||| Stepping randomly (stuck).
   964 | D:2      | 964 ||| Stepping randomly (stuck).
   965 | D:2      | 965 ||| Stepping randomly (stuck).
   966 | D:2      | 966 ||| Stepping randomly (stuck).
   967 | D:2      | 967 ||| Stepping randomly (stuck).
   968 | D:2      | 968 ||| Stepping randomly (stuck).
   969 | D:2      | 969 ||| Stepping randomly (stuck).
   970 | D:2      | 970 ||| Stepping randomly (stuck).
   971 | D:2      | 971 ||| Stepping randomly (stuck).
   972 | D:2      | 972 ||| Stepping randomly (stuck).
   973 | D:2      | 973 ||| Stepping randomly (stuck).
   974 | D:2      | 974 ||| Stepping randomly (stuck).
   975 | D:2      | 975 ||| Stepping randomly (stuck).
   976 | D:2      | 976 ||| Stepping randomly (stuck).
   977 | D:2      | 977 ||| Stepping randomly (stuck).
   978 | D:2      | 978 ||| Stepping randomly (stuck).
   979 | D:2      | 979 ||| Stepping randomly (stuck).
   980 | D:2      | 980 ||| Stepping randomly (stuck).
   981 | D:2      | 981 ||| Stepping randomly (stuck).
   982 | D:2      | 982 ||| Stepping randomly (stuck).
   983 | D:2      | 983 ||| Stepping randomly (stuck).
   984 | D:2      | 984 ||| Stepping randomly (stuck).
   985 | D:2      | 985 ||| Stepping randomly (stuck).
   986 | D:2      | 986 ||| Stepping randomly (stuck).
   987 | D:2      | 987 ||| Stepping randomly (stuck).
   988 | D:2      | 988 ||| Stepping randomly (stuck).
   989 | D:2      | 989 ||| Stepping randomly (stuck).
   990 | D:2      | 990 ||| Stepping randomly (stuck).
   991 | D:2      | 991 ||| Stepping randomly (stuck).
   992 | D:2      | 992 ||| Stepping randomly (stuck).
   993 | D:2      | 993 ||| Stepping randomly (stuck).
   994 | D:2      | 994 ||| Stepping randomly (stuck).
   995 | D:2      | 995 ||| Stepping randomly (stuck).
   996 | D:2      | 996 ||| Stepping randomly (stuck).
   997 | D:2      | 997 ||| Stepping randomly (stuck).
   998 | D:2      | 998 ||| Stepping randomly (stuck).
   999 | D:2      | 999 ||| Stepping randomly (stuck).
  1000 | D:2      | 1000 ||| Stepping randomly (stuck).
  1001 | D:2      | 1001 ||| Stepping randomly (stuck).
  1002 | D:2      | 1002 ||| Stepping randomly (stuck).
  1003 | D:2      | 1003 ||| Stepping randomly (stuck).
  1004 | D:2      | 1004 ||| Stepping randomly (stuck).
  1005 | D:2      | 1005 ||| Stepping randomly (stuck).
  1006 | D:2      | 1006 ||| Stepping randomly (stuck).
  1007 | D:2      | 1007 ||| Stepping randomly (stuck).
  1008 | D:2      | 1008 ||| Stepping randomly (stuck).
  1009 | D:2      | 1009 ||| Stepping randomly (stuck).
  1010 | D:2      | 1010 ||| Stepping randomly (stuck).
  1011 | D:2      | 1011 ||| Stepping randomly (stuck).
  1012 | D:2      | 1012 ||| Stepping randomly (stuck).
  1013 | D:2      | 1013 ||| Stepping randomly (stuck).
  1014 | D:2      | 1014 ||| Stepping randomly (stuck).
  1015 | D:2      | 1015 ||| Stepping randomly (stuck).
  1016 | D:2      | 1016 ||| Stepping randomly (stuck).
  1017 | D:2      | 1017 ||| Stepping randomly (stuck).
  1018 | D:2      | 1018 ||| Stepping randomly (stuck).
  1019 | D:2      | 1019 ||| Stepping randomly (stuck).
  1020 | D:2      | 1020 ||| Stepping randomly (stuck).
  1021 | D:2      | 1021 ||| Stepping randomly (stuck).
  1022 | D:2      | 1022 ||| Stepping randomly (stuck).
  1023 | D:2      | 1023 ||| Stepping randomly (stuck).
  1024 | D:2      | 1024 ||| Stepping randomly (stuck).
  1025 | D:2      | 1025 ||| Stepping randomly (stuck).
  1026 | D:2      | 1026 ||| Stepping randomly (stuck).
  1027 | D:2      | 1027 ||| Stepping randomly (stuck).
  1028 | D:2      | 1028 ||| Stepping randomly (stuck).
  1029 | D:2      | 1029 ||| Stepping randomly (stuck).
  1030 | D:2      | 1030 ||| Stepping randomly (stuck).
  1031 | D:2      | 1031 ||| Stepping randomly (stuck).
  1032 | D:2      | 1032 ||| Stepping randomly (stuck).
  1033 | D:2      | 1033 ||| Stepping randomly (stuck).
  1034 | D:2      | 1034 ||| Stepping randomly (stuck).
  1035 | D:2      | 1035 ||| Stepping randomly (stuck).
  1036 | D:2      | 1036 ||| Stepping randomly (stuck).
  1037 | D:2      | 1037 ||| Stepping randomly (stuck).
  1038 | D:2      | 1038 ||| Stepping randomly (stuck).
  1039 | D:2      | 1039 ||| Stepping randomly (stuck).
  1040 | D:2      | 1040 ||| Stepping randomly (stuck).
  1041 | D:2      | 1041 ||| Stepping randomly (stuck).
  1042 | D:2      | 1042 ||| Stepping randomly (stuck).
  1043 | D:2      | 1043 ||| Stepping randomly (stuck).
  1044 | D:2      | 1044 ||| Stepping randomly (stuck).
  1045 | D:2      | 1045 ||| Stepping randomly (stuck).
  1046 | D:2      | 1046 ||| Stepping randomly (stuck).
  1047 | D:2      | 1047 ||| Stepping randomly (stuck).
  1048 | D:2      | 1048 ||| Stepping randomly (stuck).
  1049 | D:2      | 1049 ||| Stepping randomly (stuck).
  1050 | D:2      | 1050 ||| Stepping randomly (stuck).
  1051 | D:2      | 1051 ||| Stepping randomly (stuck).
  1052 | D:2      | 1052 ||| Stepping randomly (stuck).
  1053 | D:2      | 1053 ||| Stepping randomly (stuck).
  1054 | D:2      | 1054 ||| Stepping randomly (stuck).
  1055 | D:2      | 1055 ||| Stepping randomly (stuck).
  1056 | D:2      | 1056 ||| Stepping randomly (stuck).
  1057 | D:2      | 1057 ||| Stepping randomly (stuck).
  1058 | D:2      | 1058 ||| Stepping randomly (stuck).
  1059 | D:2      | 1059 ||| Stepping randomly (stuck).
  1060 | D:2      | 1060 ||| Stepping randomly (stuck).
  1061 | D:2      | 1061 ||| Stepping randomly (stuck).
  1062 | D:2      | 1062 ||| Stepping randomly (stuck).
  1063 | D:2      | 1063 ||| Stepping randomly (stuck).
  1064 | D:2      | 1064 ||| Stepping randomly (stuck).
  1065 | D:2      | 1065 ||| Stepping randomly (stuck).
  1066 | D:2      | 1066 ||| Stepping randomly (stuck).
  1067 | D:2      | 1067 ||| Stepping randomly (stuck).
  1068 | D:2      | 1068 ||| Stepping randomly (stuck).
  1069 | D:2      | 1069 ||| Stepping randomly (stuck).
  1070 | D:2      | 1070 ||| Stepping randomly (stuck).
  1071 | D:2      | 1071 ||| Stepping randomly (stuck).
  1072 | D:2      | 1072 ||| Stepping randomly (stuck).
  1073 | D:2      | 1073 ||| Stepping randomly (stuck).
  1074 | D:2      | 1074 ||| Stepping randomly (stuck).
  1075 | D:2      | 1075 ||| Stepping randomly (stuck).
  1076 | D:2      | 1076 ||| Stepping randomly (stuck).
  1077 | D:2      | 1077 ||| Stepping randomly (stuck).
  1078 | D:2      | 1078 ||| Stepping randomly (stuck).
  1079 | D:2      | 1079 ||| Stepping randomly (stuck).
  1080 | D:2      | 1080 ||| Stepping randomly (stuck).
  1081 | D:2      | 1081 ||| Stepping randomly (stuck).
  1082 | D:2      | 1082 ||| Stepping randomly (stuck).
  1083 | D:2      | 1083 ||| Stepping randomly (stuck).
  1084 | D:2      | 1084 ||| Stepping randomly (stuck).
  1085 | D:2      | 1085 ||| Stepping randomly (stuck).
  1086 | D:2      | 1086 ||| Stepping randomly (stuck).
  1087 | D:2      | 1087 ||| Stepping randomly (stuck).
  1088 | D:2      | 1088 ||| Stepping randomly (stuck).
  1089 | D:2      | 1089 ||| Stepping randomly (stuck).
  1090 | D:2      | 1090 ||| Stepping randomly (stuck).
  1091 | D:2      | 1091 ||| Stepping randomly (stuck).
  1092 | D:2      | 1092 ||| Stepping randomly (stuck).
  1093 | D:2      | 1093 ||| Stepping randomly (stuck).
  1094 | D:2      | 1094 ||| Stepping randomly (stuck).
  1095 | D:2      | 1095 ||| Stepping randomly (stuck).
  1096 | D:2      | 1096 ||| Stepping randomly (stuck).
  1097 | D:2      | 1097 ||| Stepping randomly (stuck).
  1098 | D:2      | 1098 ||| Stepping randomly (stuck).
  1099 | D:2      | 1099 ||| Stepping randomly (stuck).
  1100 | D:2      | 1100 ||| Stepping randomly (stuck).
  1101 | D:2      | 1101 ||| Stepping randomly (stuck).
  1102 | D:2      | 1102 ||| Stepping randomly (stuck).
  1103 | D:2      | 1103 ||| Stepping randomly (stuck).
  1104 | D:2      | 1104 ||| Stepping randomly (stuck).
  1105 | D:2      | 1105 ||| Stepping randomly (stuck).
  1106 | D:2      | 1106 ||| Stepping randomly (stuck).
  1107 | D:2      | 1107 ||| Stepping randomly (stuck).
  1108 | D:2      | 1108 ||| Stepping randomly (stuck).
  1109 | D:2      | 1109 ||| Stepping randomly (stuck).
  1110 | D:2      | 1110 ||| Stepping randomly (stuck).
  1111 | D:2      | 1111 ||| Stepping randomly (stuck).
  1112 | D:2      | 1112 ||| Stepping randomly (stuck).
  1113 | D:2      | 1113 ||| Stepping randomly (stuck).
  1114 | D:2      | 1114 ||| Stepping randomly (stuck).
  1115 | D:2      | 1115 ||| Stepping randomly (stuck).
  1116 | D:2      | 1116 ||| Stepping randomly (stuck).
  1117 | D:2      | 1117 ||| Stepping randomly (stuck).
  1118 | D:2      | 1118 ||| Stepping randomly (stuck).
  1119 | D:2      | 1119 ||| Stepping randomly (stuck).
  1120 | D:2      | 1120 ||| Stepping randomly (stuck).
  1121 | D:2      | 1121 ||| Stepping randomly (stuck).
  1122 | D:2      | 1122 ||| Stepping randomly (stuck).
  1123 | D:2      | 1123 ||| Stepping randomly (stuck).
  1124 | D:2      | 1124 ||| Stepping randomly (stuck).
  1125 | D:2      | 1125 ||| Stepping randomly (stuck).
  1126 | D:2      | 1126 ||| Stepping randomly (stuck).
  1127 | D:2      | 1127 ||| Stepping randomly (stuck).
  1128 | D:2      | 1128 ||| Stepping randomly (stuck).
  1129 | D:2      | 1129 ||| Stepping randomly (stuck).
  1130 | D:2      | 1130 ||| Stepping randomly (stuck).
  1131 | D:2      | 1131 ||| Stepping randomly (stuck).
  1132 | D:2      | 1132 ||| Stepping randomly (stuck).
  1133 | D:2      | 1133 ||| Stepping randomly (stuck).
  1134 | D:2      | 1134 ||| Stepping randomly (stuck).
  1135 | D:2      | 1135 ||| Stepping randomly (stuck).
  1136 | D:2      | 1136 ||| Stepping randomly (stuck).
  1137 | D:2      | 1137 ||| Stepping randomly (stuck).
  1138 | D:2      | 1138 ||| Stepping randomly (stuck).
  1139 | D:2      | 1139 ||| Stepping randomly (stuck).
  1140 | D:2      | 1140 ||| Stepping randomly (stuck).
  1141 | D:2      | 1141 ||| Stepping randomly (stuck).
  1142 | D:2      | 1142 ||| Stepping randomly (stuck).
  1143 | D:2      | 1143 ||| Stepping randomly (stuck).
  1144 | D:2      | 1144 ||| Stepping randomly (stuck).
  1145 | D:2      | 1145 ||| Stepping randomly (stuck).
  1146 | D:2      | 1146 ||| Stepping randomly (stuck).
  1147 | D:2      | 1147 ||| Stepping randomly (stuck).
  1148 | D:2      | 1148 ||| Stepping randomly (stuck).
  1149 | D:2      | 1149 ||| Stepping randomly (stuck).
  1150 | D:2      | 1150 ||| Stepping randomly (stuck).
  1151 | D:2      | 1151 ||| Stepping randomly (stuck).
  1152 | D:2      | 1152 ||| Stepping randomly (stuck).
  1153 | D:2      | 1153 ||| Stepping randomly (stuck).
  1154 | D:2      | 1154 ||| Stepping randomly (stuck).
  1155 | D:2      | 1155 ||| Stepping randomly (stuck).
  1156 | D:2      | 1156 ||| Stepping randomly (stuck).
  1157 | D:2      | 1157 ||| Stepping randomly (stuck).
  1158 | D:2      | 1158 ||| Stepping randomly (stuck).
  1159 | D:2      | 1159 ||| Stepping randomly (stuck).
  1160 | D:2      | 1160 ||| Stepping randomly (stuck).
  1161 | D:2      | 1161 ||| Stepping randomly (stuck).
  1162 | D:2      | 1162 ||| Stepping randomly (stuck).
  1163 | D:2      | 1163 ||| Stepping randomly (stuck).
  1164 | D:2      | 1164 ||| Stepping randomly (stuck).
  1165 | D:2      | 1165 ||| Stepping randomly (stuck).
  1166 | D:2      | 1166 ||| Stepping randomly (stuck).
  1167 | D:2      | 1167 ||| Stepping randomly (stuck).
  1168 | D:2      | 1168 ||| Stepping randomly (stuck).
  1169 | D:2      | 1169 ||| Stepping randomly (stuck).
  1170 | D:2      | 1170 ||| Stepping randomly (stuck).
  1171 | D:2      | 1171 ||| Stepping randomly (stuck).
  1172 | D:2      | 1172 ||| Stepping randomly (stuck).
  1173 | D:2      | 1173 ||| Stepping randomly (stuck).
  1174 | D:2      | 1174 ||| Stepping randomly (stuck).
  1175 | D:2      | 1175 ||| Stepping randomly (stuck).
  1176 | D:2      | 1176 ||| Stepping randomly (stuck).
  1177 | D:2      | 1177 ||| Stepping randomly (stuck).
  1178 | D:2      | 1178 ||| Stepping randomly (stuck).
  1179 | D:2      | 1179 ||| Stepping randomly (stuck).
  1180 | D:2      | 1180 ||| Stepping randomly (stuck).
  1181 | D:2      | 1181 ||| Stepping randomly (stuck).
  1182 | D:2      | 1182 ||| Stepping randomly (stuck).
  1183 | D:2      | 1183 ||| Stepping randomly (stuck).
  1184 | D:2      | 1184 ||| Stepping randomly (stuck).
  1185 | D:2      | 1185 ||| Stepping randomly (stuck).
  1186 | D:2      | 1186 ||| Stepping randomly (stuck).
  1187 | D:2      | 1187 ||| Stepping randomly (stuck).
  1188 | D:2      | 1188 ||| Stepping randomly (stuck).
  1189 | D:2      | 1189 ||| Stepping randomly (stuck).
  1190 | D:2      | 1190 ||| Stepping randomly (stuck).
  1191 | D:2      | 1191 ||| Stepping randomly (stuck).
  1192 | D:2      | 1192 ||| Stepping randomly (stuck).
  1193 | D:2      | 1193 ||| Stepping randomly (stuck).
  1194 | D:2      | 1194 ||| Stepping randomly (stuck).
  1195 | D:2      | 1195 ||| Stepping randomly (stuck).
  1196 | D:2      | 1196 ||| Stepping randomly (stuck).
  1197 | D:2      | 1197 ||| Stepping randomly (stuck).
  1198 | D:2      | 1198 ||| Stepping randomly (stuck).
  1199 | D:2      | 1199 ||| Stepping randomly (stuck).
  1200 | D:2      | 1200 ||| Stepping randomly (stuck).
  1201 | D:2      | 1201 ||| Stepping randomly (stuck).
  1202 | D:2      | 1202 ||| Stepping randomly (stuck).
  1203 | D:2      | 1203 ||| Stepping randomly (stuck).
  1204 | D:2      | 1204 ||| Stepping randomly (stuck).
  1205 | D:2      | 1205 ||| Stepping randomly (stuck).
  1206 | D:2      | 1206 ||| Stepping randomly (stuck).
  1207 | D:2      | 1207 ||| Stepping randomly (stuck).
  1208 | D:2      | 1208 ||| Stepping randomly (stuck).
  1209 | D:2      | 1209 ||| Stepping randomly (stuck).
  1210 | D:2      | 1210 ||| Stepping randomly (stuck).
  1211 | D:2      | 1211 ||| Stepping randomly (stuck).
  1212 | D:2      | 1212 ||| Stepping randomly (stuck).
  1213 | D:2      | 1213 ||| Stepping randomly (stuck).
  1214 | D:2      | 1214 ||| Stepping randomly (stuck).
  1215 | D:2      | 1215 ||| Stepping randomly (stuck).
  1216 | D:2      | 1216 ||| Stepping randomly (stuck).
  1217 | D:2      | 1217 ||| Stepping randomly (stuck).
  1218 | D:2      | 1218 ||| Stepping randomly (stuck).
  1219 | D:2      | 1219 ||| Stepping randomly (stuck).
  1220 | D:2      | 1220 ||| Stepping randomly (stuck).
  1221 | D:2      | 1221 ||| Stepping randomly (stuck).
  1222 | D:2      | 1222 ||| Stepping randomly (stuck).
  1223 | D:2      | 1223 ||| Stepping randomly (stuck).
  1224 | D:2      | 1224 ||| Stepping randomly (stuck).
  1225 | D:2      | 1225 ||| Stepping randomly (stuck).
  1226 | D:2      | 1226 ||| Stepping randomly (stuck).
  1227 | D:2      | 1227 ||| Stepping randomly (stuck).
  1228 | D:2      | 1228 ||| Stepping randomly (stuck).
  1229 | D:2      | 1229 ||| Stepping randomly (stuck).
  1230 | D:2      | 1230 ||| Stepping randomly (stuck).
  1231 | D:2      | 1231 ||| Stepping randomly (stuck).
  1232 | D:2      | 1232 ||| Stepping randomly (stuck).
  1233 | D:2      | 1233 ||| Stepping randomly (stuck).
  1234 | D:2      | 1234 ||| Stepping randomly (stuck).
  1235 | D:2      | 1235 ||| Stepping randomly (stuck).
  1236 | D:2      | 1236 ||| Stepping randomly (stuck).
  1237 | D:2      | 1237 ||| Stepping randomly (stuck).
  1238 | D:2      | 1238 ||| Stepping randomly (stuck).
  1239 | D:2      | 1239 ||| Stepping randomly (stuck).
  1240 | D:2      | 1240 ||| Stepping randomly (stuck).
  1241 | D:2      | 1241 ||| Stepping randomly (stuck).
  1242 | D:2      | 1242 ||| Stepping randomly (stuck).
  1243 | D:2      | 1243 ||| Stepping randomly (stuck).
  1244 | D:2      | 1244 ||| Stepping randomly (stuck).
  1245 | D:2      | 1245 ||| Stepping randomly (stuck).
  1246 | D:2      | 1246 ||| Stepping randomly (stuck).
  1247 | D:2      | 1247 ||| Stepping randomly (stuck).
  1248 | D:2      | 1248 ||| Stepping randomly (stuck).
  1249 | D:2      | 1249 ||| Stepping randomly (stuck).
  1250 | D:2      | 1250 ||| Stepping randomly (stuck).
  1251 | D:2      | 1251 ||| Stepping randomly (stuck).
  1252 | D:2      | 1252 ||| Stepping randomly (stuck).
  1253 | D:2      | 1253 ||| Stepping randomly (stuck).
  1254 | D:2      | 1254 ||| Stepping randomly (stuck).
  1255 | D:2      | 1255 ||| Stepping randomly (stuck).
  1256 | D:2      | 1256 ||| Stepping randomly (stuck).
  1257 | D:2      | 1257 ||| Stepping randomly (stuck).
  1258 | D:2      | 1258 ||| Stepping randomly (stuck).
  1259 | D:2      | 1259 ||| Stepping randomly (stuck).
  1260 | D:2      | 1260 ||| Stepping randomly (stuck).
  1261 | D:2      | 1261 ||| Stepping randomly (stuck).
  1262 | D:2      | 1262 ||| Stepping randomly (stuck).
  1263 | D:2      | 1263 ||| Stepping randomly (stuck).
  1264 | D:2      | 1264 ||| Stepping randomly (stuck).
  1265 | D:2      | 1265 ||| Stepping randomly (stuck).
  1266 | D:2      | 1266 ||| Stepping randomly (stuck).
  1267 | D:2      | 1267 ||| Stepping randomly (stuck).
  1268 | D:2      | 1268 ||| Stepping randomly (stuck).
  1269 | D:2      | 1269 ||| Stepping randomly (stuck).
  1270 | D:2      | 1270 ||| Stepping randomly (stuck).
  1271 | D:2      | 1271 ||| Stepping randomly (stuck).
  1272 | D:2      | 1272 ||| Stepping randomly (stuck).
  1273 | D:2      | 1273 ||| Stepping randomly (stuck).
  1274 | D:2      | 1274 ||| Stepping randomly (stuck).
  1275 | D:2      | 1275 ||| Stepping randomly (stuck).
  1276 | D:2      | 1276 ||| Stepping randomly (stuck).
  1277 | D:2      | 1277 ||| Stepping randomly (stuck).
  1278 | D:2      | 1278 ||| Stepping randomly (stuck).
  1279 | D:2      | 1279 ||| Stepping randomly (stuck).
  1280 | D:2      | 1280 ||| Stepping randomly (stuck).
  1281 | D:2      | 1281 ||| Stepping randomly (stuck).
  1282 | D:2      | 1282 ||| Stepping randomly (stuck).
  1283 | D:2      | 1283 ||| Stepping randomly (stuck).
  1284 | D:2      | 1284 ||| Stepping randomly (stuck).
  1285 | D:2      | 1285 ||| Stepping randomly (stuck).
  1286 | D:2      | 1286 ||| Stepping randomly (stuck).
  1287 | D:2      | 1287 ||| Stepping randomly (stuck).
  1288 | D:2      | 1288 ||| Stepping randomly (stuck).
  1289 | D:2      | 1289 ||| Stepping randomly (stuck).
  1290 | D:2      | 1290 ||| Stepping randomly (stuck).
  1291 | D:2      | 1291 ||| Stepping randomly (stuck).
  1292 | D:2      | 1292 ||| Stepping randomly (stuck).
  1293 | D:2      | 1293 ||| Stepping randomly (stuck).
  1294 | D:2      | 1294 ||| Stepping randomly (stuck).
  1295 | D:2      | 1295 ||| Stepping randomly (stuck).
  1296 | D:2      | 1296 ||| Stepping randomly (stuck).
  1297 | D:2      | 1297 ||| Stepping randomly (stuck).
  1298 | D:2      | 1298 ||| Stepping randomly (stuck).
  1299 | D:2      | 1299 ||| Stepping randomly (stuck).
  1300 | D:2      | 1300 ||| Stepping randomly (stuck).
  1301 | D:2      | 1301 ||| Stepping randomly (stuck).
  1302 | D:2      | 1302 ||| Stepping randomly (stuck).
  1303 | D:2      | 1303 ||| Stepping randomly (stuck).
  1304 | D:2      | 1304 ||| Stepping randomly (stuck).
  1305 | D:2      | 1305 ||| Stepping randomly (stuck).
  1306 | D:2      | 1306 ||| Stepping randomly (stuck).
  1307 | D:2      | 1307 ||| Stepping randomly (stuck).
  1308 | D:2      | 1308 ||| Stepping randomly (stuck).
  1309 | D:2      | 1309 ||| Stepping randomly (stuck).
  1310 | D:2      | 1310 ||| Stepping randomly (stuck).
  1311 | D:2      | 1311 ||| Stepping randomly (stuck).
  1312 | D:2      | 1312 ||| Stepping randomly (stuck).
  1313 | D:2      | 1313 ||| Stepping randomly (stuck).
  1314 | D:2      | 1314 ||| Stepping randomly (stuck).
  1315 | D:2      | 1315 ||| Stepping randomly (stuck).
  1316 | D:2      | 1316 ||| Stepping randomly (stuck).
  1317 | D:2      | 1317 ||| Stepping randomly (stuck).
  1318 | D:2      | 1318 ||| Stepping randomly (stuck).
  1319 | D:2      | 1319 ||| Stepping randomly (stuck).
  1320 | D:2      | 1320 ||| Stepping randomly (stuck).
  1321 | D:2      | 1321 ||| Stepping randomly (stuck).
  1322 | D:2      | 1322 ||| Stepping randomly (stuck).
  1323 | D:2      | 1323 ||| Stepping randomly (stuck).
  1324 | D:2      | 1324 ||| Stepping randomly (stuck).
  1325 | D:2      | 1325 ||| Stepping randomly (stuck).
  1326 | D:2      | 1326 ||| Stepping randomly (stuck).
  1327 | D:2      | 1327 ||| Stepping randomly (stuck).
  1328 | D:2      | 1328 ||| Stepping randomly (stuck).
  1329 | D:2      | 1329 ||| Stepping randomly (stuck).
  1330 | D:2      | 1330 ||| Stepping randomly (stuck).
  1331 | D:2      | 1331 ||| Stepping randomly (stuck).
  1332 | D:2      | 1332 ||| Stepping randomly (stuck).
  1333 | D:2      | 1333 ||| Stepping randomly (stuck).
  1334 | D:2      | 1334 ||| Stepping randomly (stuck).
  1335 | D:2      | 1335 ||| Stepping randomly (stuck).
  1336 | D:2      | 1336 ||| Stepping randomly (stuck).
  1337 | D:2      | 1337 ||| Stepping randomly (stuck).
  1338 | D:2      | 1338 ||| Stepping randomly (stuck).
  1339 | D:2      | 1339 ||| Stepping randomly (stuck).
  1340 | D:2      | 1340 ||| Stepping randomly (stuck).
  1341 | D:2      | 1341 ||| Stepping randomly (stuck).
  1342 | D:2      | 1342 ||| Stepping randomly (stuck).
  1343 | D:2      | 1343 ||| Stepping randomly (stuck).
  1344 | D:2      | 1344 ||| Stepping randomly (stuck).
  1345 | D:2      | 1345 ||| Stepping randomly (stuck).
  1346 | D:2      | 1346 ||| Stepping randomly (stuck).
  1347 | D:2      | 1347 ||| Stepping randomly (stuck).
  1348 | D:2      | 1348 ||| Stepping randomly (stuck).
  1349 | D:2      | 1349 ||| Stepping randomly (stuck).
  1350 | D:2      | 1350 ||| Stepping randomly (stuck).
  1351 | D:2      | 1351 ||| Stepping randomly (stuck).
  1352 | D:2      | 1352 ||| Stepping randomly (stuck).
  1353 | D:2      | 1353 ||| Stepping randomly (stuck).
  1354 | D:2      | 1354 ||| Stepping randomly (stuck).
  1355 | D:2      | 1355 ||| Stepping randomly (stuck).
  1356 | D:2      | 1356 ||| Stepping randomly (stuck).
  1357 | D:2      | 1357 ||| Stepping randomly (stuck).
  1358 | D:2      | 1358 ||| Stepping randomly (stuck).
  1359 | D:2      | 1359 ||| Stepping randomly (stuck).
  1360 | D:2      | 1360 ||| Stepping randomly (stuck).
  1361 | D:2      | 1361 ||| Stepping randomly (stuck).
  1362 | D:2      | 1362 ||| Stepping randomly (stuck).
  1363 | D:2      | 1363 ||| Stepping randomly (stuck).
  1364 | D:2      | 1364 ||| Stepping randomly (stuck).
  1365 | D:2      | 1365 ||| Stepping randomly (stuck).
  1366 | D:2      | 1366 ||| Stepping randomly (stuck).
  1367 | D:2      | 1367 ||| Stepping randomly (stuck).
  1368 | D:2      | 1368 ||| Stepping randomly (stuck).
  1369 | D:2      | 1369 ||| Stepping randomly (stuck).
  1370 | D:2      | 1370 ||| Stepping randomly (stuck).
  1371 | D:2      | 1371 ||| Stepping randomly (stuck).
  1372 | D:2      | 1372 ||| Stepping randomly (stuck).
  1373 | D:2      | 1373 ||| Stepping randomly (stuck).
  1374 | D:2      | 1374 ||| Stepping randomly (stuck).
  1375 | D:2      | 1375 ||| Stepping randomly (stuck).
  1376 | D:2      | 1376 ||| Stepping randomly (stuck).
  1377 | D:2      | 1377 ||| Stepping randomly (stuck).
  1378 | D:2      | 1378 ||| Stepping randomly (stuck).
  1379 | D:2      | 1379 ||| Stepping randomly (stuck).
  1380 | D:2      | 1380 ||| Stepping randomly (stuck).
  1381 | D:2      | 1381 ||| Stepping randomly (stuck).
  1382 | D:2      | 1382 ||| Stepping randomly (stuck).
  1383 | D:2      | 1383 ||| Stepping randomly (stuck).
  1384 | D:2      | 1384 ||| Stepping randomly (stuck).
  1385 | D:2      | 1385 ||| Stepping randomly (stuck).
  1386 | D:2      | 1386 ||| Stepping randomly (stuck).
  1387 | D:2      | 1387 ||| Stepping randomly (stuck).
  1388 | D:2      | 1388 ||| Stepping randomly (stuck).
  1389 | D:2      | 1389 ||| Stepping randomly (stuck).
  1390 | D:2      | 1390 ||| Stepping randomly (stuck).
  1391 | D:2      | 1391 ||| Stepping randomly (stuck).
  1392 | D:2      | 1392 ||| Stepping randomly (stuck).
  1393 | D:2      | 1393 ||| Stepping randomly (stuck).
  1394 | D:2      | 1394 ||| Stepping randomly (stuck).
  1395 | D:2      | 1395 ||| Stepping randomly (stuck).
  1396 | D:2      | 1396 ||| Stepping randomly (stuck).
  1397 | D:2      | 1397 ||| Stepping randomly (stuck).
  1398 | D:2      | 1398 ||| Stepping randomly (stuck).
  1399 | D:2      | 1399 ||| Stepping randomly (stuck).
  1400 | D:2      | 1400 ||| Stepping randomly (stuck).
  1401 | D:2      | 1401 ||| Stepping randomly (stuck).
  1402 | D:2      | 1402 ||| Stepping randomly (stuck).
  1403 | D:2      | 1403 ||| Stepping randomly (stuck).
  1404 | D:2      | 1404 ||| Stepping randomly (stuck).
  1405 | D:2      | 1405 ||| Stepping randomly (stuck).
  1406 | D:2      | 1406 ||| Stepping randomly (stuck).
  1407 | D:2      | 1407 ||| Stepping randomly (stuck).
  1408 | D:2      | 1408 ||| Stepping randomly (stuck).
  1409 | D:2      | 1409 ||| Stepping randomly (stuck).
  1410 | D:2      | 1410 ||| Stepping randomly (stuck).
  1411 | D:2      | 1411 ||| Stepping randomly (stuck).
  1412 | D:2      | 1412 ||| Stepping randomly (stuck).
  1413 | D:2      | 1413 ||| Stepping randomly (stuck).
  1414 | D:2      | 1414 ||| Stepping randomly (stuck).
  1415 | D:2      | 1415 ||| Stepping randomly (stuck).
  1416 | D:2      | 1416 ||| Stepping randomly (stuck).
  1417 | D:2      | 1417 ||| Stepping randomly (stuck).
  1418 | D:2      | 1418 ||| Stepping randomly (stuck).
  1419 | D:2      | 1419 ||| Stepping randomly (stuck).
  1420 | D:2      | 1420 ||| Stepping randomly (stuck).
  1421 | D:2      | 1421 ||| Stepping randomly (stuck).
  1422 | D:2      | 1422 ||| Stepping randomly (stuck).
  1423 | D:2      | 1423 ||| Stepping randomly (stuck).
  1424 | D:2      | 1424 ||| Stepping randomly (stuck).
  1425 | D:2      | 1425 ||| Stepping randomly (stuck).
  1426 | D:2      | 1426 ||| Stepping randomly (stuck).
  1427 | D:2      | 1427 ||| Stepping randomly (stuck).
  1428 | D:2      | 1428 ||| Stepping randomly (stuck).
  1429 | D:2      | 1429 ||| Stepping randomly (stuck).
  1430 | D:2      | 1430 ||| Stepping randomly (stuck).
  1431 | D:2      | 1431 ||| Stepping randomly (stuck).
  1432 | D:2      | 1432 ||| Stepping randomly (stuck).
  1433 | D:2      | 1433 ||| Stepping randomly (stuck).
  1434 | D:2      | 1434 ||| Stepping randomly (stuck).
  1435 | D:2      | 1435 ||| Stepping randomly (stuck).
  1436 | D:2      | 1436 ||| Stepping randomly (stuck).
  1437 | D:2      | 1437 ||| Stepping randomly (stuck).
  1438 | D:2      | 1438 ||| Stepping randomly (stuck).
  1439 | D:2      | 1439 ||| Stepping randomly (stuck).
  1440 | D:2      | 1440 ||| Stepping randomly (stuck).
  1441 | D:2      | 1441 ||| Stepping randomly (stuck).
  1442 | D:2      | 1442 ||| Stepping randomly (stuck).
  1443 | D:2      | 1443 ||| Stepping randomly (stuck).
  1444 | D:2      | 1444 ||| Stepping randomly (stuck).
  1445 | D:2      | 1445 ||| Stepping randomly (stuck).
  1446 | D:2      | 1446 ||| Stepping randomly (stuck).
  1447 | D:2      | 1447 ||| Stepping randomly (stuck).
  1448 | D:2      | 1448 ||| Stepping randomly (stuck).
  1449 | D:2      | 1449 ||| Stepping randomly (stuck).
  1450 | D:2      | 1450 ||| Stepping randomly (stuck).
  1451 | D:2      | 1451 ||| Stepping randomly (stuck).
  1452 | D:2      | 1452 ||| Stepping randomly (stuck).
  1453 | D:2      | 1453 ||| Stepping randomly (stuck).
  1454 | D:2      | 1454 ||| Stepping randomly (stuck).
  1455 | D:2      | 1455 ||| Stepping randomly (stuck).
  1456 | D:2      | 1456 ||| Stepping randomly (stuck).
  1457 | D:2      | 1457 ||| Stepping randomly (stuck).
  1458 | D:2      | 1458 ||| Stepping randomly (stuck).
  1459 | D:2      | 1459 ||| Stepping randomly (stuck).
  1460 | D:2      | 1460 ||| Stepping randomly (stuck).
  1461 | D:2      | 1461 ||| Stepping randomly (stuck).
  1462 | D:2      | 1462 ||| Stepping randomly (stuck).
  1463 | D:2      | 1463 ||| Stepping randomly (stuck).
  1464 | D:2      | 1464 ||| Stepping randomly (stuck).
  1465 | D:2      | 1465 ||| Stepping randomly (stuck).
  1466 | D:2      | 1466 ||| Stepping randomly (stuck).
  1467 | D:2      | 1467 ||| Stepping randomly (stuck).
  1468 | D:2      | 1468 ||| Stepping randomly (stuck).
  1469 | D:2      | 1469 ||| Stepping randomly (stuck).
  1470 | D:2      | 1470 ||| Stepping randomly (stuck).
  1471 | D:2      | 1471 ||| Stepping randomly (stuck).
  1472 | D:2      | 1472 ||| Stepping randomly (stuck).
  1473 | D:2      | 1473 ||| Stepping randomly (stuck).
  1474 | D:2      | 1474 ||| Stepping randomly (stuck).
  1475 | D:2      | 1475 ||| Stepping randomly (stuck).
  1476 | D:2      | 1476 ||| Stepping randomly (stuck).
  1477 | D:2      | 1477 ||| Stepping randomly (stuck).
  1478 | D:2      | 1478 ||| Stepping randomly (stuck).
  1479 | D:2      | 1479 ||| Stepping randomly (stuck).
  1480 | D:2      | 1480 ||| Stepping randomly (stuck).
  1481 | D:2      | 1481 ||| Stepping randomly (stuck).
  1482 | D:2      | 1482 ||| Stepping randomly (stuck).
  1483 | D:2      | 1483 ||| Stepping randomly (stuck).
  1484 | D:2      | 1484 ||| Stepping randomly (stuck).
  1485 | D:2      | 1485 ||| Stepping randomly (stuck).
  1486 | D:2      | 1486 ||| Stepping randomly (stuck).
  1487 | D:2      | 1487 ||| Stepping randomly (stuck).
  1488 | D:2      | 1488 ||| Stepping randomly (stuck).
  1489 | D:2      | 1489 ||| Stepping randomly (stuck).
  1490 | D:2      | 1490 ||| Stepping randomly (stuck).
  1491 | D:2      | 1491 ||| Stepping randomly (stuck).
  1492 | D:2      | 1492 ||| Stepping randomly (stuck).
  1493 | D:2      | 1493 ||| Stepping randomly (stuck).
  1494 | D:2      | 1494 ||| Stepping randomly (stuck).
  1495 | D:2      | 1495 ||| Stepping randomly (stuck).
  1496 | D:2      | 1496 ||| Stepping randomly (stuck).
  1497 | D:2      | 1497 ||| Stepping randomly (stuck).
  1498 | D:2      | 1498 ||| Stepping randomly (stuck).
  1499 | D:2      | 1499 ||| Stepping randomly (stuck).
  1500 | D:2      | 1500 ||| Stepping randomly (stuck).
  1501 | D:2      | 1501 ||| Stepping randomly (stuck).
  1502 | D:2      | 1502 ||| Stepping randomly (stuck).
  1503 | D:2      | 1503 ||| Stepping randomly (stuck).
  1504 | D:2      | 1504 ||| Stepping randomly (stuck).
  1505 | D:2      | 1505 ||| Stepping randomly (stuck).
  1506 | D:2      | 1506 ||| Stepping randomly (stuck).
  1507 | D:2      | 1507 ||| Stepping randomly (stuck).
  1508 | D:2      | 1508 ||| Stepping randomly (stuck).
  1509 | D:2      | 1509 ||| Stepping randomly (stuck).
  1510 | D:2      | 1510 ||| Stepping randomly (stuck).
  1511 | D:2      | 1511 ||| Stepping randomly (stuck).
  1512 | D:2      | 1512 ||| Stepping randomly (stuck).
  1513 | D:2      | 1513 ||| Stepping randomly (stuck).
  1514 | D:2      | 1514 ||| Stepping randomly (stuck).
  1515 | D:2      | 1515 ||| Stepping randomly (stuck).
  1516 | D:2      | 1516 ||| Stepping randomly (stuck).
  1517 | D:2      | 1517 ||| Stepping randomly (stuck).
  1518 | D:2      | 1518 ||| Stepping randomly (stuck).
  1519 | D:2      | 1519 ||| Stepping randomly (stuck).
  1520 | D:2      | 1520 ||| Stepping randomly (stuck).
  1521 | D:2      | 1521 ||| Stepping randomly (stuck).
  1522 | D:2      | 1522 ||| Stepping randomly (stuck).
  1523 | D:2      | 1523 ||| Stepping randomly (stuck).
  1524 | D:2      | 1524 ||| Stepping randomly (stuck).
  1525 | D:2      | 1525 ||| Stepping randomly (stuck).
  1526 | D:2      | 1526 ||| Stepping randomly (stuck).
  1527 | D:2      | 1527 ||| Stepping randomly (stuck).
  1528 | D:2      | 1528 ||| Stepping randomly (stuck).
  1529 | D:2      | 1529 ||| Stepping randomly (stuck).
  1530 | D:2      | 1530 ||| Stepping randomly (stuck).
  1531 | D:2      | 1531 ||| Stepping randomly (stuck).
  1532 | D:2      | 1532 ||| Stepping randomly (stuck).
  1533 | D:2      | 1533 ||| Stepping randomly (stuck).
  1534 | D:2      | 1534 ||| Stepping randomly (stuck).
  1535 | D:2      | 1535 ||| Stepping randomly (stuck).
  1536 | D:2      | 1536 ||| Stepping randomly (stuck).
  1537 | D:2      | 1537 ||| Stepping randomly (stuck).
  1538 | D:2      | 1538 ||| Stepping randomly (stuck).
  1539 | D:2      | 1539 ||| Stepping randomly (stuck).
  1540 | D:2      | 1540 ||| Stepping randomly (stuck).
  1541 | D:2      | 1541 ||| Stepping randomly (stuck).
  1542 | D:2      | 1542 ||| Stepping randomly (stuck).
  1543 | D:2      | 1543 ||| Stepping randomly (stuck).
  1544 | D:2      | 1544 ||| Stepping randomly (stuck).
  1545 | D:2      | 1545 ||| Stepping randomly (stuck).
  1546 | D:2      | 1546 ||| Stepping randomly (stuck).
  1547 | D:2      | 1547 ||| Stepping randomly (stuck).
  1548 | D:2      | 1548 ||| Stepping randomly (stuck).
  1549 | D:2      | 1549 ||| Stepping randomly (stuck).
  1550 | D:2      | 1550 ||| Stepping randomly (stuck).
  1551 | D:2      | 1551 ||| Stepping randomly (stuck).
  1552 | D:2      | 1552 ||| Stepping randomly (stuck).
  1553 | D:2      | 1553 ||| Stepping randomly (stuck).
  1554 | D:2      | 1554 ||| Stepping randomly (stuck).
  1555 | D:2      | 1555 ||| Stepping randomly (stuck).
  1556 | D:2      | 1556 ||| Stepping randomly (stuck).
  1557 | D:2      | 1557 ||| Stepping randomly (stuck).
  1558 | D:2      | 1558 ||| Stepping randomly (stuck).
  1559 | D:2      | 1559 ||| Stepping randomly (stuck).
  1560 | D:2      | 1560 ||| Stepping randomly (stuck).
  1561 | D:2      | 1561 ||| Stepping randomly (stuck).
  1562 | D:2      | 1562 ||| Stepping randomly (stuck).
  1563 | D:2      | 1563 ||| Stepping randomly (stuck).
  1564 | D:2      | 1564 ||| Stepping randomly (stuck).
  1565 | D:2      | 1565 ||| Stepping randomly (stuck).
  1566 | D:2      | 1566 ||| Stepping randomly (stuck).
  1567 | D:2      | 1567 ||| Stepping randomly (stuck).
  1568 | D:2      | 1568 ||| Stepping randomly (stuck).
  1569 | D:2      | 1569 ||| Stepping randomly (stuck).
  1570 | D:2      | 1570 ||| Stepping randomly (stuck).
  1571 | D:2      | 1571 ||| Stepping randomly (stuck).
  1572 | D:2      | 1572 ||| Stepping randomly (stuck).
  1573 | D:2      | 1573 ||| Stepping randomly (stuck).
  1574 | D:2      | 1574 ||| Stepping randomly (stuck).
  1575 | D:2      | 1575 ||| Stepping randomly (stuck).
  1576 | D:2      | 1576 ||| Stepping randomly (stuck).
  1577 | D:2      | 1577 ||| Stepping randomly (stuck).
  1578 | D:2      | 1578 ||| Stepping randomly (stuck).
  1579 | D:2      | 1579 ||| Stepping randomly (stuck).
  1580 | D:2      | 1580 ||| Stepping randomly (stuck).
  1581 | D:2      | 1581 ||| Stepping randomly (stuck).
  1582 | D:2      | 1582 ||| Stepping randomly (stuck).
  1583 | D:2      | 1583 ||| Stepping randomly (stuck).
  1584 | D:2      | 1584 ||| Stepping randomly (stuck).
  1585 | D:2      | 1585 ||| Stepping randomly (stuck).
  1586 | D:2      | 1586 ||| Stepping randomly (stuck).
  1587 | D:2      | 1587 ||| Stepping randomly (stuck).
  1588 | D:2      | 1588 ||| Stepping randomly (stuck).
  1589 | D:2      | 1589 ||| Stepping randomly (stuck).
  1590 | D:2      | 1590 ||| Stepping randomly (stuck).
  1591 | D:2      | 1591 ||| Stepping randomly (stuck).
  1592 | D:2      | 1592 ||| Stepping randomly (stuck).
  1593 | D:2      | 1593 ||| Stepping randomly (stuck).
  1594 | D:2      | 1594 ||| Stepping randomly (stuck).
  1595 | D:2      | 1595 ||| Stepping randomly (stuck).
  1596 | D:2      | 1596 ||| Stepping randomly (stuck).
  1597 | D:2      | 1597 ||| Stepping randomly (stuck).
  1598 | D:2      | 1598 ||| Stepping randomly (stuck).
  1599 | D:2      | 1599 ||| Stepping randomly (stuck).
  1600 | D:2      | 1600 ||| Stepping randomly (stuck).
  1601 | D:2      | 1601 ||| Stepping randomly (stuck).
  1602 | D:2      | 1602 ||| Stepping randomly (stuck).
  1603 | D:2      | 1603 ||| Stepping randomly (stuck).
  1604 | D:2      | 1604 ||| Stepping randomly (stuck).
  1605 | D:2      | 1605 ||| Stepping randomly (stuck).
  1606 | D:2      | 1606 ||| Stepping randomly (stuck).
  1607 | D:2      | 1607 ||| Stepping randomly (stuck).
  1608 | D:2      | 1608 ||| Stepping randomly (stuck).
  1609 | D:2      | 1609 ||| Stepping randomly (stuck).
  1610 | D:2      | 1610 ||| Stepping randomly (stuck).
  1611 | D:2      | 1611 ||| Stepping randomly (stuck).
  1612 | D:2      | 1612 ||| Stepping randomly (stuck).
  1613 | D:2      | 1613 ||| Stepping randomly (stuck).
  1614 | D:2      | 1614 ||| Stepping randomly (stuck).
  1615 | D:2      | 1615 ||| Stepping randomly (stuck).
  1616 | D:2      | 1616 ||| Stepping randomly (stuck).
  1617 | D:2      | 1617 ||| Stepping randomly (stuck).
  1618 | D:2      | 1618 ||| Stepping randomly (stuck).
  1619 | D:2      | 1619 ||| Stepping randomly (stuck).
  1620 | D:2      | 1620 ||| Stepping randomly (stuck).
  1621 | D:2      | 1621 ||| Stepping randomly (stuck).
  1622 | D:2      | 1622 ||| Stepping randomly (stuck).
  1623 | D:2      | 1623 ||| Stepping randomly (stuck).
  1623 | D:2      | Noticed Natasha
  1631 | D:2      | HP: 4/21 [Natasha (7)]
  1632 | D:2      | Killed from afar by Natasha

Levels and vault maps discovered:
D:1:      minmay_arrival_shattered_statue, layout_basic, due_unseen_surprise
D:2:      kennysheep_big_flooded_room, layout_rooms, serial_glass,
          glass_columns_b, glass_columns_a, uniq_natasha

Skill      XL: |  1  2  3 |
---------------+----------+-----
Ranged Weapons | 5 |  5.0
Fighting       | |  2.3
Dodging        | |  1.5
Stealth        | |  1.1

Action                     || total
---------------------------++-------
   Fire: Shortbow          ||    95
    Use: Scroll            ||     2
 Armour: Leather armour    ||    44
  Dodge: Dodged            ||    40

Table legend:
 A = Non-vault XP
 B = Vault XP
 C = Vault XP percentage of total XP
 D = Non-vault monster count
 E = Vault monster count
 F = Vault count percentage of total count
                 A         B        C        D         E       F
            +---------+---------+-------+---------+---------+-------
      Total |      43 |       3 |   6.5 |      24 |       2 |   7.7
            +---------+---------+-------+---------+---------+-------
        D:1 |      29 |       0 |   0.0 |      17 |       0 |   0.0
        D:2 |      14 |       3 |  17.6 |       7 |       2 |  22.2
            +---------+---------+-------+---------+---------+-------
